 Dungeon Crawl Stone Soup version 0.29-a0-330-g52719c12eb (webtiles) character file.

Game seed: 2776302168122523506

126 Aelig the Cudgeller (level 4, -6/35 HPs)
             Began as a Mummy Fighter on May 15, 2022.
             Mangled by a gnoll
             ... wielding a +1 flail of protection
              (10 damage)
             ... on level 3 of the Dungeon.
             The game lasted 00:03:54 (3153 turns).

Aelig the Cudgeller (Mummy Fighter)                 Turns: 3153, Time: 00:03:55

Health: -6/35      AC:  8    Str: 21    XL:     4   Next: 84%
Magic:  4/4        EV:  7    Int:  7    God:
Gold:   126        SH:  4    Dex: 11    Spells: 3/3 levels left

rFire   x . .      SeeInvis .   b - +0 whip (freeze)
rCold   + . .      Faith    .   c - +0 buckler
rNeg    + + +      Spirit   .   l - +0 chain mail
rPois   ∞          Reflect  .   (no helmet)
rElec   .          Harm     .   (no cloak)
rCorr   .          Rampage  .   (no gloves)
Will    +....                   (no boots)
Stlth   ..........              (no amulet)
HPRegen 0.11/turn               o - ring of willpower
MPRegen 0.09/turn               (no ring)

@: no status effects
A: cold resistance 1, negative energy resistance 3, torment resistance 2, heat
vulnerability 1, in touch with death 1, no potions
a: no special abilities


You were on level 3 of the Dungeon.
You visited 1 branch of the dungeon, and saw 3 of its levels.

You collected 126 gold pieces.

Inventory:

Hand Weapons
 a - a +0 flail
 b - a +0 whip of freezing (weapon)
Missiles
 g - 96 stones (quivered)
Armour
 c - a +0 buckler (worn)
 l - a +0 chain mail (worn)
Jewellery
 o - a ring of willpower (left hand)
Scrolls
 d - 4 scrolls of fog {unknown}
 e - 2 scrolls of enchant armour {unknown}
 f - 3 scrolls of teleportation {unknown}
 h - 3 scrolls of fear {unknown}
 i - 2 scrolls of torment {unknown}
 j - a scroll of summoning {unknown}
 k - 2 scrolls of vulnerability {unknown}
 m - a scroll of identify {unknown}
 n - a scroll of enchant weapon {unknown}


   Skills:
 - Level 3.0 Fighting
 + Level 4.2 Maces & Flails
 - Level 2.4 Armour
 - Level 2.4 Shields


You had 3 spell levels left.
You didn't know any spells.
Your spell library was empty.

Dungeon Overview and Level Annotations

Branches:
Dungeon (3/15)

Altars:


Innate Abilities, Weirdness & Mutations

You are immune to poison.
Your flesh is cold resistant. (rC+)
You are immune to negative energy. (rN+++)
You are immune to unholy pain and torment.
You are vulnerable to heat. (rF-)
You are in touch with the powers of death.
You do not drink.


Message History

The gnoll is severely wounded.
The gnoll hits you with a +0 spear.
You hit the gnoll but do no damage.
The gnoll is severely wounded.
The gnoll hits you but does no damage.
You hit the gnoll. You freeze the gnoll.
You kill the gnoll!
You hit the gnoll but do no damage. The gnoll closely misses you.
Press: ? - help, v - describe, . - travel, g - get item
Here: a gnoll, wielding a +1 flail of protection Item here: a +0 spear.
The floor.
You hit the gnoll. You freeze the gnoll.
The gnoll is moderately wounded.
The gnoll hits you with a +1 flail of protection!
You completely miss the gnoll.
The gnoll is moderately wounded.
You hit the gnoll but do no damage.
The gnoll is moderately wounded.
The gnoll hits you with a +1 flail of protection.
You barely miss the gnoll.
The gnoll is moderately wounded.
The gnoll hits you with a +1 flail of protection.
You hit the gnoll but do no damage.
The gnoll is moderately wounded.
The gnoll hits you with a +1 flail of protection!
You hit the gnoll but do no damage.
The gnoll is moderately wounded.
You block the gnoll's attack.
You hit the gnoll but do no damage.
The gnoll is moderately wounded.
The gnoll hits you with a +1 flail of protection!
* * * LOW HITPOINT WARNING * * *
You barely miss the gnoll.
The gnoll is moderately wounded.
The gnoll closely misses you.
You hit the gnoll. You freeze the gnoll.
The gnoll is heavily wounded.
The gnoll hits you with a +1 flail of protection!
You die...

#.......# #.# .#
##.# #.......# #.#
.. #.# #.......# #.#
#.###[# #.......#
#.# #.....#
###..#### #.#
####..### #.## #.#
###.... #.# #.#
######...##. #.# #g#
##........... #.#
#@####..##........
#.#
###......###........
###.###
####....#####
#........ ......##
#....#.## ##.......
###.#..####.####.#
##...##.
###.##...##.# #.#
#######
#...####....## #.#
.>............##.#
.#......#####..#.#


You could see a gnoll.

Vanquished Creatures
  Jessica (D:3)
  A gnoll (D:3)
  3 adders (D:2)
  A worm (D:2)
  2 dart slugs
  An orc (D:3)
  6 endoplasms
  5 giant cockroaches
  6 goblins
  6 hobgoblins
  2 jackals (D:1)
  A quokka (D:3)
  4 ball pythons
  7 bats
  4 frilled lizards (D:1)
  3 kobolds
  3 rats
56 creatures vanquished.

Notes
Turn   | Place    | Note
-------+----------+-------------------------------------------
     0 | D:1      | Aelig the Mummy Fighter began the quest for the Orb.
     0 | D:1      | Reached XP level 1. HP: 18/18 MP: 1/1
   251 | D:1      | Reached skill level 2 in Maces & Flails
   373 | D:1      | Reached XP level 2. HP: 21/24 MP: 2/2
   432 | D:1      | Found a faded altar of an unknown god.
  1499 | D:2      | Gained mutation: You are in touch with the powers of death.
                  | [Mummy growth]
  1499 | D:2      | Reached XP level 3. HP: 20/29 MP: 3/3
  1635 | D:2      | Reached skill level 3 in Maces & Flails
  2298 | D:2      | Reached XP level 4. HP: 31/35 MP: 4/4
  2910 | D:3      | Noticed Jessica
  2920 | D:3      | Killed Jessica
  2921 | D:3      | Reached skill level 4 in Maces & Flails
  3153 | D:3      | Mangled by a gnoll

Illustrated notes

Levels and vault maps discovered:
D:1:      matt_arrival_refuge, layout_basic, shapermc_ecumenical_altar_venn
D:2:      layout_basic, amcnicky_mini_pool_small
D:3:      layout_rooms, kennysheep_generic_room_8, uniq_jessica

Skill      XL: |  1  2  3  4 |
---------------+-------------+-----
Maces & Flails | 2 3 4 |  4.2
Fighting       | |  3.0
Armour         | |  2.4
Shields        | |  2.4

Action                   |  1- 3 |  4- 6 || total
-------------------------+-------+-------++-------
Melee: Flail             |   174 |    21 ||   195
       Whip              |       |    21 ||    21
Armor: Scale mail        |    93 |     3 ||    96
       Chain mail        |       |     9 ||     9
Dodge: Dodged            |   109 |     8 ||   117
Block: Buckler           |    40 |     5 ||    45

Table legend: (Time is in decaauts)
 A = Elapsed time spent in this place.
 B = Non-inter-level travel time spent in this place.
 C = Inter-level travel time spent in this place.
 D = Time resting spent in this place.
 E = Time spent auto-exploring this place.
 F = Levels seen in this place.
 G = Mean time per level.
                   A        B        C        D        E       F      G
               +--------+--------+--------+--------+--------+-----+--------+
         Total |   3208 |   3160 |     48 |    281 |   2205 |   3 | 1069.3 |
       Dungeon |   3208 |   3160 |     48 |    281 |   2205 |   3 | 1069.3 |
               +--------+--------+--------+--------+--------+-----+--------+

Top non-repeatable levels by time:
     D:2: 1397 daAuts
     D:1: 1386 daAuts
     D:3: 424 daAuts
